 Dungeon Crawl Stone Soup version 0.23.1-37-gaa34b87 (webtiles) character file.

Game seed: 326366612818147637

74 night the Digger (level 4, 0/24 HPs)
             Began as a Gargoyle Earth Elementalist on Mar 26, 2019.
             Slain by Grinder (3 damage)
             ... on level 2 of the Dungeon.
             The game lasted 00:05:48 (1969 turns).

night the Digger (Gargoyle Earth Elementalist)      Turns: 1969, Time: 00:05:48

Health: 0/24       AC:  6    Str: 17    XL:     4   Next: 30%
Magic:  1/8        EV: 12    Int: 16    God:
Gold:   132        SH:  0    Dex: 10    Spells: 5/9 levels left

rFire    . . .     SeeInvis .   k - +0 morningstar
rCold    . . .     Gourm    .   (no shield)
rNeg     + . .     Faith    .   c - +0 robe
rPois    ∞         Spirit   .   h - +0 helmet
rElec    +         Reflect  .   (no cloak)
rCorr    .         Harm     .   (no gloves)
MR       .....                  (no boots)
Stlth    ++........             (no amulet)
HPRegen  0.08/turn              e - ring of wizardry
MPRegen  0.11/turn              (no ring)

@: mighty, flying
A: negative energy resistance 1, electricity resistance, unbreathing,
petrification resistance, rot immunity, AC +3
a: no special abilities


You were on level 2 of the Dungeon.
You were not hungry.

You visited 1 branch of the dungeon, and saw 3 of its levels.

You collected 132 gold pieces.

Inventory:

Hand Weapons
 f - a +0 dagger of speed
 k - a +0 morningstar (weapon)
 p - a +1 vampiric dagger
Missiles
 b - 46 stones (quivered)
 g - 54 arrows
Armour
 c - a +0 robe (worn)
 h - a +0 helmet (worn)
Jewellery
 e - a ring of wizardry (left hand)
 j - an uncursed amulet of magic regeneration {unknown}
 t - an uncursed amulet of rage
Scrolls
 i - 2 scrolls of teleportation {unknown}
 m - a scroll of amnesia {unknown}
 o - a scroll of identify {unknown}
 q - a scroll of enchant armour {unknown}
 u - a scroll of remove curse {unknown}
Potions
 l - a potion of flight
 n - a potion of might
 r - a potion of berserk rage {unknown}
 s - a potion of cancellation {unknown}
Comestibles
 d - 2 rations


   Skills:
 - Level 1.5 Dodging
 - Level 2.1 Stealth
 + Level 3.2 Spellcasting
   Level 0.7 Transmutations
 + Level 5.0 Earth Magic


You had 5 spell levels left.
You knew the following spells:

 Your Spells              Type           Power        Failure   Level  Hunger
a - Sandblast             Erth           ###...       1%          1    None
b - Stone Arrow           Conj/Erth      ##....       9%          3    ###....

Your spell library contained the following spells:

 Spells                   Type           Power        Failure   Level  Hunger
 Passwall                 Tmut/Erth      ##......     3%          2    ##.....
 Petrify                  Tmut/Erth      ##......     22%         4    ####...
 Lee's Rapid Deconstruct  Erth           ###.......   26%         5    ######.


Dungeon Overview and Level Annotations

Branches:
Dungeon (3/15)

Altars:
The Shining One

Annotations:
D:2 Grinder


Innate Abilities, Weirdness & Mutations

You are resistant to torment.
Your stone body is resilient. (AC +3)
You are immune to poison.
You resist negative energy. (rN+)
You are resistant to electric shocks. (rElec)
You can survive without breathing.
You are immune to petrification.
You are immune to rotting.


Message History

Casting: Stone Arrow (safe; 9% risk of failure)
Confirm with . or Enter, or press ? or * to list all spells.
Aiming: Sandblast (safe; 1% risk of failure)
Press: ? - help, Shift-Dir - straight line, f/p - Grinder
Aim: Grinder (heavily wounded)
The blast of sand hits Grinder but does no damage.
Grinder is heavily wounded.
b - 46 stones Grinder says, "Wait up."
Grinder gestures at you.
You barely resist.
It was a potion of flight.
You feel very buoyant.
You fly up into the air.
Grinder drinks a potion.
Grinder is healed!
It was a potion of might.
You feel very mighty all of a sudden. Grinder hits you.
* * * LOW HITPOINT WARNING * * *
You writhe in agony.
You die...

#....#.###....#.# #..##........
###..#.# #..#.#.# #..)..#...###
#....#.###....#.# #.#####÷#.#
#.#.##.....##...####.....#.#.#
#.#..................<##.#.#.#
##.##.##..##.....########.#.#.#
...##...........>......##.#.#.#
#####.#...#....#5#####.##...#.#
.#..#.#...#..#.#@......##.....#
.#..#.#.#...)....########.#####
....#.#)#.#.........#.....#
###.#.....###.#..[..#.#####
#.....### #.#######.# #######
#.........# ###########


You could see Grinder.

Vanquished Creatures
  A gnoll (D:1)
  2 adders (D:2)
  A worm (D:2)
  2 leopard geckos
  A ball python (D:1)
  A giant cockroach (D:1)
  8 goblins
  5 hobgoblins
  8 bats
  2 frilled lizards
  6 kobolds
  6 rats
43 creatures vanquished.

Notes
Turn   | Place    | Note
-------+----------+-------------------------------------------
     0 | D:1      | night the Gargoyle Earth Elementalist began the quest for
                  | the Orb.
     0 | D:1      | Reached XP level 1. HP: 10/10 MP: 3/3
   164 | D:1      | Reached skill level 4 in Earth Magic
   164 | D:1      | Reached XP level 2. HP: 15/15 MP: 1/5
   487 | D:2      | Reached XP level 3. HP: 19/19 MP: 4/6
   497 | D:2      | Learned a level 3 spell: Stone Arrow
   528 | D:2      | Found a glowing golden altar of the Shining One.
  1247 | D:1      | Reached XP level 4. HP: 24/24 MP: 5/8
  1956 | D:3      | Noticed Grinder
  1965 | D:2      | Reached skill level 5 in Earth Magic
  1969 | D:2      | Slain by Grinder

Skill      XL: |  1  2  3  4 |
---------------+-------------+-----
Earth Magic    | 4 5 |  5.0
Spellcasting   | 3 |  3.2
Dodging        | |  1.5
Stealth        | |  2.1
Transmutations | |  0.7

Action                   |  1- 3 |  4- 6 || total
-------------------------+-------+-------++-------
Melee: Dagger            |    33 |       ||    33
       Morningstar       |    30 |    69 ||    99
 Cast: Sandblast         |    17 |    12 ||    29
       Stone Arrow       |       |     3 ||     3
  Use: Potion            |       |     2 ||     2
 Stab: Sleeping          |     2 |       ||     2
  Eat: Chunk             |     1 |     3 ||     4
Armor: Robe              |    44 |    68 ||   112
Dodge: Dodged            |    87 |    99 ||   186
